 Dungeon Crawl Stone Soup version 0.30-b1-2-g02819fbbbe (webtiles) character file.

Game seed: 10323464378157515438

2708 dRoLe the Basher (level 9, -2/70 HPs)
             Began as a Minotaur Fighter on Sept 9, 2023.
             Was a Priest of Qazlal.
             Slain by Erica
             ... wielding a +1 scimitar of flaming
              (3 damage)
             ... on level 9 of the Dungeon.
             The game lasted 00:47:24 (6848 turns).

dRoLe the Basher (Minotaur Fighter)                 Turns: 6848, Time: 00:47:24

Health: -2/70      AC: 16    Str: 32    XL:     9   Next: 39%
Magic:  8/8        EV:  8    Int: 11    God:    Qazlal [***...]
Gold:   365        SH:  8    Dex:  9    Spells: 8/8 levels left

rFire   . . .        a - +0 flail
rCold   . . .        c - +0 buckler
rNeg    . . .        M - +0 plate armour
rPois   .            (helmet restricted)
rElec   .            K - +0 cloak
rCorr   .            A - +0 pair of gloves
SInv    .            f - +1 pair of boots
Will    .....        i - amulet of faith Stlth
                     l - +6 ring of intelligence
HPRegen 0.31/turn    G - +6 ring of strength
MPRegen 0.11/turn

%: faith
@: no status effects
A: horns 2, retaliatory headbutt
a: Renounce Religion, Upheaval, Elemental Force


You were on level 9 of the Dungeon.
You worshipped Qazlal.
Qazlal was most pleased with you.
You visited 1 branch of the dungeon, and saw 9 of its levels.

You collected 365 gold pieces.

Inventory:

Hand Weapons
 a - a +0 flail (weapon)
 g - a +3 hand axe
 x - the +7 staff of the Meek {protect, meekguard}
   (You found it on level 5 of the Dungeon)
 y - a +1 spear of distortion
 z - a +4 whip
 B - a +2 scimitar of draining
 I - a +1 halberd of distortion
 J - a +4 quarterstaff of chaos
Missiles
 t - 17 poisoned darts (quivered)
Armour
 c - a +0 buckler (worn)
 f - a +1 pair of boots (worn)
 A - a +0 pair of gloves (worn)
 K - a +0 cloak (worn)
 M - a +0 plate armour (worn)
Magical Staves
 e - a staff of fire
Jewellery
 i - an amulet of faith (around neck)
 l - a +6 ring of intelligence (left hand)
 q - an amulet of magic regeneration
 G - a +6 ring of strength (right hand)
Wands
 p - a wand of quicksilver (5)
 H - a wand of flame (4)
 L - a wand of polymorph (8)
Scrolls
 j - 2 scrolls of blinking
 m - 4 scrolls of teleportation
 n - 3 scrolls of brand weapon
 o - a scroll of fear {unknown}
 r - 2 scrolls of amnesia {unknown}
 v - 2 scrolls of enchant armour {unknown}
 w - a scroll of enchant weapon {unknown}
 D - 4 scrolls of poison
 E - a scroll of fog
Potions
 b - 4 potions of lignification {unknown}
 d - 4 potions of might
 h - 3 potions of curing
 k - 2 potions of flight
 s - a potion of brilliance
 u - 4 potions of heal wounds {unknown}
 C - a potion of degeneration {unknown}
 F - a potion of attraction {unknown}


   Skills:
 - Level 3.6 Fighting
 - Level 0.3(0.4) Short Blades
 - Level 0.5(0.6) Long Blades
 + Level 14.6 Maces & Flails
 - Level 1.1 Polearms
 - Level 0.1 Ranged Weapons
 - Level 0.2 Throwing
 - Level 3.6 Armour
 - Level 2.1 Dodging
 - Level 0.7 Stealth
 - Level 3.6 Shields
 - Level 0.1 Unarmed Combat
 - Level 0.1 Spellcasting
 - Level 0.1 Hexes
 - Level 0.1 Summonings
 - Level 0.1 Translocations
 - Level 0.1 Transmutations
 - Level 0.1 Earth Magic
 - Level 0.1 Poison Magic
 - Level 0.1 Invocations
 - Level 0.1 Evocations


You had 8 spell levels left.
You didn't know any spells.
Your spell library contained the following spells:

 Spells                   Type           Power      Damage    Failure   Level
 Freeze                   Ice            0%         1d3       98%         1
 Kiss of Death            Conj/Necr      0%         2d5       98%         1
 Necrotise                Necr           0%         1d4       98%         1
 Call Canine Familiar     Summ           0%         N/A       100%        3
 Confusing Touch          Hex            0%         N/A       100%        3
 Frozen Ramparts          Ice            0%         1d1       100%        3
 Gell's Gravitas          Tloc           0%         N/A       100%        3
 Hailstorm                Conj/Ice       0%         3d3       100%        3
 Inner Flame              Hex/Fire       0%         N/A       100%        3
 Portal Projectile        Hex/Tloc       0%         N/A       100%        3
 Teleport Other           Tloc           0%         N/A       100%        3
 Dispel Undead            Necr           0%         3d6       100%        4
 Leda's Liquefaction      Hex/Erth       0%         N/A       100%        4
 Yara's Violent Unravell  Hex/Tmut       0%         3d3       100%        5
 Dispersal                Tloc           0%         N/A       100%        6
 Enfeeble                 Hex            0%         N/A       100%        7


Dungeon Overview and Level Annotations

Branches:
Dungeon (9/15)             Temple (0/1) D:5
   Lair: D:8-11         Orc: D:9-12

Altars:
Nemelex Xobeh
Qazlal
Trog

Shops:
D:5 (   D:7 [

Annotations:
D:3 2 transporters, NimIero's ghost, amateur DrFE
D:9 Erica


Innate Abilities, Weirdness & Mutations

You have a pair of horns on your head.
You reflexively headbutt those who attack you in melee.


Message History

You hear some strange, mumbled words.
You are more confused.
You are too confused!
You are too confused!
You bump into the rock wall.
Something hits you. Something burns you.
You bump into the rock wall.
Something hits you but does no damage.
You're too confused to move!
Something hits you! Something burns you.
You are too confused!
You're too confused to move!
Something hits you! Something burns you.
You bump into the rock wall.
Something hits you. Something burns you.
You bump into the rock wall.
Something hits you but does no damage.
You feel less confused. Something hits you! Something burns you.
There is a stone staircase leading down here.
Something hits you!
* * * LOW HITPOINT WARNING * * *
Something burns you.
* * * LOW HITPOINT WARNING * * *
You climb downwards.
Reactivating autopickup.
There is a stone staircase leading up here.
You start resting.
Something hits you but does no damage.
Deactivating autopickup; reactivate with Ctrl-A.
You start resting.
Something hits you but does no damage.
You start resting.
Something hits you.
* * * LOW HITPOINT WARNING * * *
Something burns you.
* * * LOW HITPOINT WARNING * * *
You start resting.
You hear some strange, mumbled words.
A lance of force appears from out of thin air!
The lance of force hits you.
* * * LOW HITPOINT WARNING * * *
You are knocked back by the lance of force.
You slam into the rock wall!
You closely miss something. You thump something!
Your headbutt misses something. Something hits you!
* * * LOW HITPOINT WARNING * * *
Something burns you.
You die... ##### #@{.# ###.# #

There were no monsters in sight!

Vanquished Creatures
  Maggie (D:6)
  A water moccasin (D:7)
  An ice beast (D:6)
  3 black bears
  An ogre (D:5)
  2 phantoms
  A centaur (D:7)
  2 kobold brigands
  Blork the orc (D:5)
  A gnoll sergeant (D:4)
  2 bullfrogs (D:7)
  6 scorpions
  5 killer bees (D:8)
  3 howler monkeys
  An orc priest (D:3)
  A hound (D:5)
  Crazy Yiuf (D:6)
  Natasha (thrice) (D:3)
  A sleepcap (D:5)
  An orc wizard (D:7)
  6 iguanas
  8 adders
  3 gnolls (D:4)
  A shadow imp (D:7)
  A worm (D:3)
  A dart slug (D:4)
  14 orcs
  5 ball pythons
  4 bats
  4 endoplasms
  4 giant cockroaches
  3 goblins
  10 hobgoblins
  2 jackals (D:1)
  5 quokkas
  9 kobolds
  2 rats
120 creatures vanquished.

Vanquished Creatures (others)
  4 fungi (D:3)
  4 plants
8 creatures vanquished.

Grand Total: 128 creatures vanquished

Notes
Turn   | Place    | Note
-------+----------+-------------------------------------------
     0 | D:1      | dRoLe the Minotaur Fighter began the quest for the Orb.
     0 | D:1      | Reached XP level 1. HP: 19/19 MP: 0/0
   119 | D:1      | Reached skill level 3 in Maces & Flails
   148 | D:1      | Reached XP level 2. HP: 26/26 MP: 1/1
   923 | D:2      | Reached skill level 4 in Maces & Flails
   923 | D:2      | Reached XP level 3. HP: 26/31 MP: 2/2
   972 | D:2      | Reached skill level 1 in Dodging
  1877 | D:3      | Found a transporter.
  1878 | D:3      | Noticed NimIero's ghost (amateur DrFE)
  1879 | D:3      | Found a transporter.
  1880 | D:3      | Noticed an ogre
  1883 | D:3      | Noticed an ogre
  1938 | D:3      | Reached XP level 4. HP: 34/39 MP: 3/3
  1954 | D:3      | Found a sparkling altar of Nemelex Xobeh.
  1973 | D:3      | Noticed Natasha
  1979 | D:3      | Killed Natasha
  1980 | D:3      | Reached skill level 5 in Maces & Flails
  1981 | D:3      | Noticed Natasha
  1987 | D:3      | Killed Natasha
  1988 | D:3      | Reached XP level 5. HP: 34/45 MP: 4/4
  2034 | D:3      | Noticed Natasha
  2042 | D:3      | Killed Natasha
  2043 | D:3      | Reached skill level 6 in Maces & Flails
  2138 | D:3      | Found a faded altar of an unknown god.
  2160 | D:3      | Got Plato's Vellum of Necromantic Mysteries
  2161 | D:3      | Prayed at the altar of an unknown god.
  2161 | D:3      | Became a worshipper of Qazlal Stormbringer
  2161 | D:3      | Reached * piety under Qazlal
  2803 | D:4      | Noticed a black bear
  2809 | D:4      | Killed a black bear
  2810 | D:4      | Reached skill level 7 in Maces & Flails
  2810 | D:4      | Reached XP level 6. HP: 51/51 MP: 5/5
  2946 | D:4      | Reached skill level 8 in Maces & Flails
  3646 | D:5      | Entered Level 5 of the Dungeon
  3651 | D:5      | Noticed a six-headed hydra
  3652 | D:5      | Found Ycleyweu's Hydra Hut.
  3660 | D:5      | Reached XP level 7. HP: 57/57 MP: 6/6
  3662 | D:5      | Reached skill level 9 in Maces & Flails
  3698 | D:5      | Noticed Blork the orc
  3713 | D:5      | Killed Blork the orc
  3713 | D:5      | Reached ** piety under Qazlal
  3717 | D:5      | Reached skill level 10 in Maces & Flails
  3822 | D:5      | Found the +7 staff of the Meek {protect, meekguard}
  3852 | D:5      | Found a staircase to the Ecumenical Temple.
  4098 | D:5      | Reached skill level 11 in Maces & Flails
  4098 | D:5      | Reached XP level 8. HP: 61/64 MP: 7/7
  4346 | D:6      | Reached skill level 12 in Maces & Flails
  4771 | D:6      | Noticed Maggie
  4785 | D:6      | Killed Maggie
  4786 | D:6      | Reached skill level 13 in Maces & Flails
  4923 | D:6      | Reached XP level 9. HP: 64/70 MP: 8/8
  5082 | D:6      | Found a runed translucent door.
  5083 | D:6      | Noticed Crazy Yiuf
  5089 | D:6      | Killed Crazy Yiuf
  5359 | D:7      | Reached skill level 14 in Maces & Flails
  5359 | D:7      | Reached skill level 1 in Polearms
  5619 | D:7      | Found Ohittost's Antique Armour Shoppe.
  5820 | D:7      | Found a bloodstained altar of Trog.
  6337 | D:8      | Noticed Erica
  6603 | D:8      | Reached *** piety under Qazlal
  6848 | D:9      | HP: 1/70 [something (7)]
  6848 | D:9      | Slain by Erica

Illustrated notes

Levels and vault maps discovered:
D:1:      reono_arrival_mine, layout_basic
D:2:      layout_basic, minmay_misc_feat_encased, kennysheep_generic_room_5
D:3:      layout_loops_ring, nicolae_overflow_hidden_temple,
          shapermc_ecumenical_altar_rom_forum, gammafunk_ghost_smash,
          uniq_natasha
D:4:      layout_basic, grunt_ministairs_15, lightli_minifort
D:5:      layout_basic, temple_pool_b, doesnt_shop_hydraphobe,
          uniq_blork_the_orc
D:6:      layout_gridville, uniq_maggie, uniq_crazy_yiuf_cottage
D:7:      layout_basic, mainiacjoe_overflow_surrounded_room, serial_shops,
          shop_fountains, serial_bayou_pond_c
D:8:      layout_loops_ring, uniq_erica, uniq_maurice, uniq_prince_ribbit1,
          uniq_pikel
D:9:      layout_basic

Skill      XL: |  1  2  3  4  5  6  7  8  9 |
---------------+----------------------------+-----
Maces & Flails | 3 4 5 7 8 11 13 14 | 14.6
Dodging        | 1 2 |  2.1
Polearms       | 1 |  1.1
Fighting       | |  3.6
Short Blades   | |  0.3
Long Blades    | |  0.5
Ranged Weapons | |  0.1
Throwing       | |  0.2
Armour         | |  3.6
Stealth        | |  0.7
Shields        | |  3.6
Unarmed Combat | |  0.1
Spellcasting   | |  0.1
Hexes          | |  0.1
Summonings     | |  0.1
Translocations | |  0.1
Transmutations | |  0.1
Earth Magic    | |  0.1
Poison Magic   | |  0.1
Invocations    | |  0.1
Evocations     | |  0.1

Action                     |  1- 3 |  4- 6 |  7- 9 || total
---------------------------+-------+-------+-------++-------
  Melee: Flail             |    93 |   119 |   202 ||   414
         Headbutt          |     5 |    21 |    29 ||    55
    Use: Scroll            |     3 |       |     5 ||     8
         Potion            |       |     1 |     3 ||     4
 Armour: Scale mail        |    37 |       |       ||    37
         Chain mail        |    18 |    46 |    44 ||   108
         Plate armour      |       |       |    32 ||    32
  Dodge: Dodged            |    37 |    35 |    36 ||   108
  Block: Buckler           |    12 |    21 |    60 ||    93
